 Dungeon Crawl Stone Soup version 0.27.1-16-g815e20cd7a (webtiles) character file.

Game seed: 13557189764199619831

6764 jjjjhere the Brawler (level 10, -7/79 (88) HPs)
             Began as a Troll Artificer on Nov 22, 2021.
             Was a Priest of Ru.
             Mangled by a cyan ugly thing (12 damage)
             ... on level 9 of the Dungeon.
             The game lasted 00:16:24 (6551 turns).

jjjjhere the Brawler (Troll Artificer)              Turns: 6551, Time: 00:16:24

HP:   -7/79 (88)    AC:  5    Str: 24    XL:     10   Next: 75%
MP:   9/9           EV: 10    Int:  7    God:    Ru [***...]
Gold: 522           SH:  5    Dex: 11    Spells: 9/9 levels left

rFire    . . .     SeeInvis .     - Unarmed
rCold    x . .     Faith    .   (no shield)
rNeg     . . .     Spirit   .   b - +1 robe
rPois    +         Reflect  +   a - +0 hat "Munuo" {rF+}
rElec    .         Harm     .   (no cloak)
rCorr    .         Rampage  .   (gloves unavailable)
Will     .....                  (boots unavailable)
Stlth    +.........             o - amulet of reflection
HPRegen  1.23/turn              s - ring of poison resistance
MPRegen  0.11/turn              (no ring)

@: exhausted, about to teleport, heavily drained
A: large, unfitting armour, claws 3, regeneration 1, shaggy fur 1, tough skin 1,
no conjurations magic, no earth magic, no hexes magic, temperature sensitive
a: Renounce Religion, Draw Out Power


You were on level 9 of the Dungeon.
You worshipped Ru.
Ru was most pleased with you.
You visited 2 branches of the dungeon, and saw 10 of its levels.

You collected 522 gold pieces.

Inventory:

Missiles
 D - 17 poisoned darts
 E - 2 throwing nets
Armour
 a - the +0 hat "Munuo" (worn) {rF+}
   (You acquired it on level 6 of the Dungeon)

   rF:        It protects you from fire.
 b - a +1 robe (worn)
Jewellery
 o - an amulet of reflection (around neck)
 q - a +6 ring of intelligence
 s - a ring of poison resistance (left claw)
 G - an amulet of guardian spirit
Wands
 c - a wand of flame (36) (quivered)
 d - a wand of charming (20)
 y - a wand of paralysis (9)
 A - a wand of acid (2)
 H - a wand of iceblast (17)
Scrolls
 g - a scroll of enchant armour
 m - 3 scrolls of teleportation
 u - 4 scrolls of amnesia
 v - a scroll of fog
 w - a scroll of blinking
 x - 2 scrolls of enchant weapon
 B - a scroll of noise {unknown}
 F - a scroll of immolation {unknown}
Potions
 f - a potion of cancellation {unknown}
 j - 3 potions of degeneration
 k - a potion of mutation
 l - 5 potions of flight
 n - 7 potions of curing
 p - a potion of might {unknown}
 t - 2 potions of ambrosia
 z - a potion of attraction
Miscellaneous
 e - a piece from Xom's chessboard (8/15)
 h - a phantom mirror


   Skills:
 + Level 2.6 Fighting
 + Level 3.2 Dodging
 - Level 0.3 Stealth
 - Level 15.0 Unarmed Combat
 - Level 2.1 Evocations


You had 9 spell levels left.
You didn't know any spells.
Your spell library contained the following spells:

 Spells                   Type           Power      Damage    Failure   Level
 Animate Skeleton         Necr           0%         N/A       43%         1
 Apportation              Tloc           0%         N/A       43%         1
 Beastly Appendage        Tmut           0%         N/A       43%         1
 Summon Small Mammal      Summ           0%         N/A       43%         1
 Sublimation of Blood     Necr           0%         N/A       56%         2
 Wereblood                Tmut           0%         N/A       56%         2
 Spider Form              Tmut/Pois      0%         N/A       80%         3
 Summon Hydra             Summ           0%         N/A       100%        7
 Corona                   Hex            Unusable   N/A       N/A         1

Dungeon Overview and Level Annotations

Branches:
Dungeon (9/15)             Temple (1/1) D:4
   Lair: D:8-11         Orc: D:9-12

Altars:
Ashenzari
Cheibriados
Dithmenos
Gozag
Kikubaaqudgha
Makhleb
Nemelex Xobeh
Okawaru
Qazlal
Ru
Sif Muna
Trog
Wu Jian
Xom
Yredelemnul
Zin
The Shining One

Shops:
D:1 !

Annotations:
D:8 2 transporters, hilljack's ghost, novice GrIE


Innate Abilities, Weirdness & Mutations

You are too large for most types of armour.
You have claws for hands.
Your natural rate of healing is unusually fast.
You are covered in fur. (AC +1)
You have tough skin. (AC +1)
You cannot study or cast Conjurations magic.
You cannot study or cast Earth magic.
You cannot study or cast Hexes magic.
You are sensitive to extremes of temperature. (rF-, rC-)


Message History

A boulder beetle comes into view.
There is an open door here.
The boulder beetle leaps!
The boulder beetle curls into a ball and begins rolling!
There is an open door here.
You close the door.
There is an open door here.
There is an open door here.
Found a shiny ring mail and 27 gold pieces.
There is an open door here.
Found a ring mail and a phantom mirror.
There is an open door here.
You now have 522 gold pieces (gained 27).
You see here a phantom mirror.
h - a phantom mirror
There is an open door here.
There is an open door here.
A cyan ugly thing comes into view.
The cyan ugly thing gurgles horribly!
There is an open door here.
You make a move on Xom's chessboard...
The cyan ugly thing seems to speed up.
You make a move on Xom's chessboard...
The cyan ugly thing flickers and vanishes!
Deactivating autopickup; reactivate with Ctrl-A.
Okay, then.
Something is blocking the doorway!
You redirect something's attack!
Something headbutts you. Something shocks you!
As you read the scroll of teleportation, it crumbles to dust.
You feel strangely unstable. Something headbutts you! Something shocks you!
Something headbutts you! Something shocks you!
* * * LOW HITPOINT WARNING * * *
You are restored by drawing out deep reserves of power within.
You feel drained. You block something's attack. Something headbutts you!
Something shocks you!
* * * LOW HITPOINT WARNING * * *
Something headbutts you.
* * * LOW HITPOINT WARNING * * *
Something shocks you!
You die...

#.....# #.....# #
#>....# # #.....#
# #.....# #
.....###
#############..#.°
#@..#...#...#...B#
#...'...'...+..###
#...#...#...####
##'###'###'##
#...#[.[#...#
#...#...#...#
#...#...#...#
##'#######'## #...
...


There were no monsters in sight!

Vanquished Creatures
  3 centaur warriors (D:9)
  Maurice (D:8)
  Prince Ribbit (D:7)
  A slime creature (D:9)
  2 shadows (D:9)
  3 steam dragons
  Menkaure (D:7)
  An ice beast (D:8)
  An orc warrior (D:7)
  4 sky beasts
  3 black bears
  2 hornet zombies (D:7)
  A necrophage (D:6)
  2 ogres
  2 centaurs
  Blork the orc (D:4)
  A bullfrog (D:8)
  2 scorpions
  2 gnoll sergeants
  A water moccasin zombie (D:6)
  9 wights
  9 killer bees
  2 bullfrog zombies (D:5)
  A centaur zombie (D:8)
  3 jellies
  An orc priest (D:7)
  3 hounds
  4 iguanas
  A centaur simulacrum (D:9)
  A hound skeleton (D:4)
  A howler monkey zombie (D:8)
  15 gnolls
  7 adders
  3 white imps
  An adder skeleton (D:4)
  A worm (D:2)
  3 dart slugs
  14 orcs
  5 ball pythons
  2 bats
  4 endoplasms
  8 goblins
  6 hobgoblins
  4 jackals (D:3)
  5 kobolds
  6 quokkas
  3 frilled lizards
  3 rats
160 creatures vanquished.

Notes
Turn   | Place    | Note
-------+----------+-------------------------------------------
     0 | D:1      | jjjjhere the Troll Artificer began the quest for the Orb.
     0 | D:1      | Reached XP level 1. HP: 18/18 MP: 0/0
    70 | D:1      | Reached skill level 1 in Unarmed Combat
   210 | D:1      | Reached XP level 2. HP: 23/26 MP: 1/1
   251 | D:1      | Reached skill level 2 in Unarmed Combat
   355 | D:1      | Found Ycaqubru's Distillery.
   592 | D:1      | Found a faded altar of an unknown god.
   848 | D:2      | Reached XP level 3. HP: 29/32 MP: 2/2
   937 | D:2      | Reached skill level 3 in Unarmed Combat
  1024 | D:2      | Found a shadowy altar of Dithmenos.
  1327 | D:3      | Found a glowing silver altar of Zin.
  1435 | D:3      | Reached XP level 4. HP: 40/40 MP: 3/3
  1506 | D:3      | Reached skill level 4 in Unarmed Combat
  1589 | D:3      | Found a basalt altar of Yredelemnul.
  1989 | D:4      | Reached XP level 5. HP: 46/46 MP: 4/4
  2015 | D:4      | Reached skill level 5 in Unarmed Combat
  2071 | D:4      | Noticed Blork the orc
  2078 | D:4      | Killed Blork the orc
  2079 | D:4      | Reached skill level 6 in Unarmed Combat
  2079 | D:4      | Reached XP level 6. HP: 38/54 MP: 5/5
  2215 | D:4      | Found a staircase to the Ecumenical Temple.
  2233 | Temple   | Entered the Ecumenical Temple
  2340 | Temple   | Became a worshipper of Ru the Awakened
  2474 | D:4      | Reached skill level 7 in Unarmed Combat
  2623 | D:4      | Identified the +2 rapier of the Sky {drain, Contam rElec
                  | rPois}
  2647 | D:5      | Entered Level 5 of the Dungeon
  2653 | D:5      | Reached XP level 7. HP: 50/61 MP: 6/6
  2773 | D:5      | Reached skill level 8 in Unarmed Combat
  3400 | D:5      | Found an iron altar of Okawaru.
  3511 | D:6      | Reached skill level 9 in Unarmed Combat
  3590 | D:6      | Gained mutation: You cannot study or cast Earth magic. [Ru
                  | sacrifice]
  3590 | D:6      | Gained mutation: You cannot study or cast Hexes magic. [Ru
                  | sacrifice]
  3590 | D:6      | Gained mutation: You cannot study or cast Conjurations
                  | magic. [Ru sacrifice]
  3590 | D:6      | Reached * piety under Ru
  3606 | D:6      | Reached XP level 8. HP: 61/68 MP: 7/7
  3957 | D:6      | Reached skill level 10 in Unarmed Combat
  4200 | D:7      | Found a shimmering blue altar of Sif Muna.
  4258 | D:7      | Reached skill level 11 in Unarmed Combat
  4308 | D:7      | Reached XP level 9. HP: 54/75 MP: 8/8
  4401 | D:7      | Reached skill level 12 in Unarmed Combat
  4464 | D:6      | Identified a scroll of acquirement
  4464 | D:6      | Acquired the +0 hat "Munuo" {rF+}
  4637 | D:7      | Noticed Menkaure
  4666 | D:7      | Killed Menkaure
  4796 | D:7      | Noticed Prince Ribbit
  4816 | D:7      | Killed Prince Ribbit
  5147 | D:8      | Noticed a seven-headed hydra
  5147 | D:8      | Found a flagged portal.
  5216 | D:7      | Reached skill level 13 in Unarmed Combat
  5235 | D:8      | Found a transporter.
  5237 | D:8      | Noticed hilljack's ghost (novice GrIE)
  5299 | D:7      | HP: 24/74 [killer bee (2)]
  5516 | D:8      | Found a broken altar of Ashenzari.
  5592 | D:8      | Noticed Maurice
  5716 | D:8      | Found an opulent altar of Gozag.
  5781 | D:8      | Killed Maurice
  5782 | D:8      | Reached XP level 10. HP: 83/83 MP: 9/9
  5798 | D:8      | Found a transporter.
  5897 | D:9      | Found a bloodstained altar of Trog.
  5904 | D:9      | Reached skill level 14 in Unarmed Combat
  5924 | D:9      | Gained mutation: You are sensitive to extremes of
                  | temperature. (rF-, rC-) [Ru sacrifice]
  5924 | D:9      | Reached ** piety under Ru
  5924 | D:9      | Reached *** piety under Ru
  5983 | D:9      | Found a stormy altar of Qazlal.
  5998 | D:9      | Noticed a centaur warrior
  5999 | D:9      | Noticed a centaur warrior
  6010 | D:9      | HP: 22/83 [centaur warrior (8)]
  6012 | D:9      | Killed a centaur warrior
  6016 | D:9      | HP: 24/83 [shadow (5)]
  6017 | D:9      | Noticed a centaur warrior
  6021 | D:9      | HP: 20/79 [centaur warrior (11)]
  6023 | D:9      | Killed a centaur warrior
  6023 | D:9      | Noticed an ettin
  6203 | D:8      | Reached skill level 15 in Unarmed Combat
  6323 | D:9      | Killed a centaur warrior
  6331 | D:8      | HP: 25/85 [wight (4)]
  6381 | D:8      | HP: 23/81 [seven-headed hydra (25)]
  6508 | D:9      | Noticed a boulder beetle
  6541 | D:9      | Noticed a cyan ugly thing
  6549 | D:9      | HP: 13/84 [something (17)]
  6551 | D:9      | HP: 5/79 [something (6)]
  6551 | D:9      | Mangled by a cyan ugly thing

Illustrated notes

Levels and vault maps discovered:
D:1:      minmay_arrival_stone_box, layout_loops_ring, serial_shops, shop,
          shapermc_ecumenical_altar_hornbeckon, grunt_decor_clamped,
          chequers_garden, minmay_door_square
D:2:      layout_loops_ring, basic_altar
D:3:      layout_basic, yredelemnul_altar_generic,
          mainiacjoe_overflow_concentric_impassable, mrwooster_statue_mirror,
          supply_closet_lemuel
D:4:      layout_rooms, minmay_temple_entry_sparse_star, uniq_blork_the_orc
D:5:      layout_basic, okawaru_altar_gauntlet_db, minmay_stone_trees_medium
D:6:      layout_loops_cross
D:7:      layout_cave_pools, old_standard_altar, hangedman_misty_isle,
          uniq_menkaure, uniq_prince_ribbit1
D:8:      layout_cave_pools, kennysheep_little_box, grunt_gozag_statues,
          mainiacjoe_overflow_swirl, gammafunk_ghost_mausoleum, enter_bailey_2,
          uniq_maurice
D:9:      layout_roguey, nicolae_qazlal_scattered_showers, trog_ov_bears_minmay,
          serial_shops, nicolae_shop_trees, hangedman_decor_push,
          minmay_evil_grid, uniq_gastronok
Temple:   minmay_temple_curvy_loop

Skill      XL: |  1  2  3  4  5  6  7  8  9 10 |
---------------+-------------------------------+-----
Unarmed Combat | 1 2 3 4 6 7 9 11 13 15 | 15.0
Fighting       | 2 |  2.6
Dodging        | 3 |  3.2
Stealth        | |  0.3
Evocations     | |  2.1

Action                   |  1- 3 |  4- 6 |  7- 9 | 10-12 || total
-------------------------+-------+-------+-------+-------++-------
Melee: Unarmed           |    87 |   134 |   268 |    54 ||   543
       Punch             |       |     2 |    10 |     5 ||    17
Invok: Sacrifice Arcana  |       |       |     1 |       ||     1
       Draw Out Power    |       |       |       |     4 ||     4
       Sacrifice Resista |       |       |       |     1 ||     1
Evoke: Piece from Xom's  |       |       |     3 |     7 ||    10
       Wand              |       |       |     1 |     1 ||     2
  Use: Scroll            |       |       |    15 |     4 ||    19
 Stab: Sleeping          |       |     1 |     1 |       ||     2
       Petrified         |       |       |     6 |       ||     6
       Paralysed         |       |       |     5 |       ||     5
Armor: Robe              |    27 |    31 |    51 |    17 ||   126
Dodge: Dodged            |    27 |    44 |   111 |    17 ||   199
Block: Other             |     4 |    29 |    54 |    17 ||   104
       Reflection        |       |       |     3 |       ||     3
